 Dungeon Crawl Stone Soup version 0.27-a0-650-g8dd3ea4f36 (webtiles) character file.

Game seed: 2006511278724726140

114 zzzxxxcccvvv the Sneak (level 4, 0/21 HPs)
             Began as a Spriggan Enchanter on Mar 15, 2021.
             Killed by nerve-wracking pain
             ... invoked by an orc priest
              (11 damage)
             ... on level 3 of the Dungeon.
             The game lasted 00:21:09 (6065 turns).

zzzxxxcccvvv the Sneak (Spriggan Enchanter)         Turns: 6065, Time: 00:21:09

Health: 0/21       AC:  2    Str:  4    XL:     4   Next: 66%
Magic:  7/10       EV: 18    Int: 17    God:
Gold:   122        SH:  0    Dex: 15    Spells: 7/10 levels left

rFire    . . .     SeeInvis +   f - +0 short sword (speed)
rCold    . . .     Faith    .   (shield restricted)
rNeg     . . .     Spirit   .   b - +0 robe
rPois    .         Reflect  .   (helmet restricted)
rElec    .         Harm     .   (no cloak)
rCorr    .         Rampage  .   (gloves unavailable)
Will     .....                  (boots unavailable)
Stlth    +++.......             d - amulet of the acrobat
HPRegen  0.07/turn              (no ring)
MPRegen  0.12/turn              (no ring)

@: very quick
A: very small, no large weapons, unfitting armour, see invisible, speed 3
a: no special abilities


You were on level 3 of the Dungeon.
You visited 1 branch of the dungeon, and saw 4 of its levels.

You collected 122 gold pieces.

Inventory:

Hand Weapons
 f - a +0 short sword of speed (weapon)
Armour
 b - a +0 robe (worn)
Jewellery
 d - an amulet of the acrobat (around neck)
Scrolls
 a - a scroll of enchant armour {unknown}
 e - a scroll of noise {unknown}
 h - 5 scrolls of teleportation {unknown}
 m - 3 scrolls of identify {unknown}
 o - a scroll of amnesia {unknown}
 p - a scroll of random uselessness {unknown}
Potions
 c - a potion of cancellation {unknown}
 g - a potion of mutation {unknown}
 i - a potion of lignification {unknown}
 j - 2 potions of heal wounds {unknown}
 k - 2 potions of degeneration {unknown}
 l - a potion of curing {unknown}
 n - a potion of flight {unknown}


   Skills:
 + Level 2.3 Short Blades
 + Level 3.7 Dodging
 + Level 5.5 Stealth
 + Level 3.6 Spellcasting
 + Level 4.3 Hexes


You had 7 spell levels left.
You knew the following spells:

 Your Spells              Type           Power      Damage    Failure   Level
a - Corona                Hex            18%        N/A       2%          1
b - Ensorcelled Hibernat  Hex/Ice        20%        N/A       10%         2

Your spell library contained the following spells:

 Spells                   Type           Power      Damage    Failure   Level
 Confusing Touch          Hex            17%        N/A       9%          3
 Tukima's Dance           Hex            17%        N/A       9%          3
 Dazzling Flash           Conj/Hex       20%        N/A       21%         3


Dungeon Overview and Level Annotations

Branches:
Dungeon (4/15)
 Temple: D:4-7

Altars:
Elyvilon
Uskayaw


Innate Abilities, Weirdness & Mutations

You are very small and have problems with some larger weapons.
You are too small for most types of armour.
You have supernaturally acute eyesight. (SInv)
You cover ground extremely quickly. (Speed+++)


Message History

Aim: an orc priest, wielding a +0 hand axe (chance to affect: 41%)
You miscast Ensorcelled Hibernation.
You are very lightly contaminated with residual magic.
Nothing appears to happen.
The orc priest calls down the wrath of Beogh upon you.
Pain shoots through your body!
Casting: Ensorcelled Hibernation (safe; 10% risk of failure)
Confirm with . or Enter, or press ? or * to list all spells.
Aiming: Ensorcelled Hibernation (safe; 10% risk of failure)
Press: ? - help, Shift-Dir - straight line, f/p - orc priest
Aim: an orc priest, wielding a +0 hand axe (chance to affect: 41%)
The orc priest looks drowsy...
You hit the orc priest.
The orc priest is lightly wounded.
The orc priest completely misses you.
You closely miss the orc priest.
The orc priest is lightly wounded.
You hit the orc priest.
The orc priest is moderately wounded.
The orc priest barely misses you.
You closely miss the orc priest.
The orc priest is moderately wounded.
The orc priest closely misses you.
You closely miss the orc priest.
The orc priest is moderately wounded.
You completely miss the orc priest.
The orc priest is moderately wounded.
The orc priest closely misses you.
You hit the orc priest.
The orc priest is severely wounded.
The orc closely misses you.
You barely miss the orc.
The orc priest hits you with a +0 hand axe.
The orc completely misses you.
Your magical contamination has completely faded away.
You hit the orc but do no damage.
The orc priest invokes the aid of Beogh against you.
Pain shoots through your body!
Ouch! That really hurt!
You die...

######.....######
#......#####
#..######### ##.#
#.....# #.# #.....#
#.# #.....## #.#
#......####
#####.###..........
#.<.@o.(.......#
###o##.##......#
#.##.#######.)..#
#.##..# ###.....
#.###.# #########
#.###.## #._.###._
#..##..# ....8...
##.###.# ⌠.....⌠
#.# #.## .....


You could see an orc priest and an orc.

Vanquished Creatures
  5 adders
  An ooze (D:1)
  A dart slug (D:1)
  2 leopard geckos
  3 orcs (D:3)
  4 bats
  3 giant cockroaches
  3 goblins
  7 hobgoblins
  8 jackals
  6 kobolds
  A quokka (D:2)
  2 ball pythons (D:1)
  A frilled lizard (D:2)
  7 rats
54 creatures vanquished.

Notes
Turn   | Place    | Note
-------+----------+-------------------------------------------
     0 | D:1      | zzzxxxcccvvv the Spriggan Enchanter began the quest for the
                  | Orb.
     0 | D:1      | Reached XP level 1. HP: 9/9 MP: 5/5
   585 | D:1      | Reached XP level 2. HP: 13/13 MP: 6/6
  1523 | D:1      | Reached XP level 3. HP: 16/16 MP: 8/8
  1527 | D:1      | Learned a level 2 spell: Ensorcelled Hibernation
  1857 | D:1      | Reached skill level 5 in Stealth
  4572 | D:2      | Reached XP level 4. HP: 17/21 MP: 7/10
  5238 | D:3      | Found a white marble altar of Elyvilon.
  5238 | D:3      | Found a hide-covered altar of Uskayaw.
  5238 | D:3      | You fall into a shaft and drop 1 floor!
  6065 | D:3      | Killed from afar by an orc priest

Illustrated notes

Levels and vault maps discovered:
D:1:      dpeg_arrival_simpleton_b, layout_basic
D:2:      layout_rooms
D:3:      layout_rooms, general_overflow_altar, marbit_many_paths,
          gammafunk_temple_overflow_pools, uniq_crazy_yiuf_cottage
D:4:      layout_rooms, grunt_temple_overflow_order_and_chaos_2,
          lightli_temple_of_fire, nicolae_hepliaklqana_hippocampus,
          uniq_menkaure, uniq_robin

Skill      XL: |  1  2  3 |
---------------+----------+-----
Dodging        | 3 |  3.7
Spellcasting   | 3 |  3.6
Hexes          | 4 |  4.3
Stealth        | 5 |  5.5
Short Blades   | 2 |  2.3

Action                   |  1- 3 |  4- 6 || total
-------------------------+-------+-------++-------
Melee: Short sword       |   184 |   114 ||   298
       Dagger            |     2 |       ||     2
 Cast: Ensorcelled Hiber |     1 |     7 ||     8
 Stab: Sleeping          |    15 |     3 ||    18
Armor: Robe              |    19 |     8 ||    27
Dodge: Dodged            |   146 |   128 ||   274

Table legend: (Time is in decaauts)
 A = Elapsed time spent in this place.
 B = Non-inter-level travel time spent in this place.
 C = Inter-level travel time spent in this place.
 D = Time resting spent in this place.
 E = Time spent auto-exploring this place.
 F = Levels seen in this place.
 G = Mean time per level.
                   A        B        C        D        E       F      G
               +--------+--------+--------+--------+--------+-----+--------+
         Total |   4774 |   4407 |    367 |   2322 |    888 |   4 | 1193.5 |
       Dungeon |   4774 |   4407 |    367 |   2322 |    888 |   4 | 1193.5 |
               +--------+--------+--------+--------+--------+-----+--------+

Top non-repeatable levels by time:
     D:1: 2801 daAuts
     D:2: 1322 daAuts
     D:3: 635 daAuts
     D:4: 15 daAuts
